 Dungeon Crawl Stone Soup version 0.28.0-47-ge53b351184 (webtiles) character file.

Game seed: 7001810020781539891

77 Bruhh the Changer (level 4, -4/32 HPs)
             Began as a Merfolk Transmuter on Apr 27, 2022.
             Slain by an iguana (6 damage)
             ... on level 2 of the Dungeon.
             The game lasted 00:02:45 (1615 turns).

Bruhh the Changer (Merfolk Transmuter)              Turns: 1615, Time: 00:02:45

Health: -4/32      AC:  2    Str: 16    XL:     4   Next: 34%
Magic:  6/7        EV: 12    Int: 14    God:
Gold:   71         SH:  0    Dex: 14    Spells: 1/7 levels left

rFire   . . .      SeeInvis .     - Unarmed
rCold   . . .      Faith    .   (no shield)
rNeg    . . .      Spirit   .   a - +0 robe
rPois   .          Reflect  .   (helmet currently unavailable)
rElec   .          Harm     .   (no cloak)
rCorr   .          Rampage  .   (no gloves)
Will    .....                   (boots currently unavailable)
Stlth   +.........              (no amulet)
HPRegen 0.10/turn               e - +6 ring of strength
MPRegen 0.10/turn               (no ring)

@: appendages
A: horns 2, (nimble swimmer 2), mertail
a: End Transformation


You were on level 2 of the Dungeon.
You had temporarily grown beastly horns.
You visited 1 branch of the dungeon, and saw 2 of its levels.

You collected 71 gold pieces.

Inventory:

Armour
 a - a +0 robe (worn)
Jewellery
 e - a +6 ring of strength (left hand)
Wands
 h - a wand of acid (7)
Scrolls
 b - a scroll of enchant weapon {unknown}
 d - 2 scrolls of identify {unknown}
 g - 2 scrolls of teleportation {unknown}
 i - a scroll of immolation {unknown}
 k - a scroll of vulnerability {unknown}
Potions
 c - 2 potions of curing {unknown}
 f - a potion of attraction {unknown}
 j - a potion of degeneration {unknown}


   Skills:
 - Level 1.1 Fighting
 - Level 2.6 Dodging
 + Level 3.2 Unarmed Combat
 - Level 2.0 Spellcasting
 - Level 6.0 Transmutations


You had one spell level left.
You knew the following spells:

 Your Spells              Type           Power      Damage    Failure   Level
a - Beastly Appendage     Tmut           36%        N/A       1%          1
b - Wereblood             Tmut           18%        N/A       3%          2
c - Spider Form           Tmut/Pois      9%         N/A       21%         3

Your spell library contained the following spells:

 Spells                   Type           Power      Damage    Failure   Level
 Foxfire                  Conj/Fire      4%         2x1d4     24%         1
 Conjure Flame            Conj/Fire      1%         6-21      56%         3
 Inner Flame              Hex/Fire       1%         N/A       56%         3
 Ice Form                 Ice/Tmut       9%         N/A       56%         4
 Flame Wave               Conj/Fire      1%         2d4       93%         4


Dungeon Overview and Level Annotations

Branches:
Dungeon (2/15)

Altars:
Okawaru


Innate Abilities, Weirdness & Mutations

You have temporarily grown beastly horns.
((You are very nimble when in or above water. (Stealth+, EV+, Speed+++)))
Your lower body shifts to a powerful aquatic tail in water.


Message History

You hit the frilled lizard.
You kill the frilled lizard!
Training target 6.0 for Transmutations reached!
Your Transmutations skill increases to level 6!
You need to enable at least one skill for training.
You extend your transformation's duration.
You barely miss the iguana. You punch the iguana, but do no damage.
The iguana barely misses you.
You hit the iguana. You punch the iguana, but do no damage.
The iguana is moderately wounded.
The iguana closely misses you.
You hit the iguana but do no damage.
The iguana is moderately wounded.
The iguana bites you!
You hit the iguana but do no damage. You headbutt the iguana.
The iguana is severely wounded.
The iguana completely misses you.
You hit the iguana but do no damage. Your headbutt misses the iguana.
The iguana is severely wounded.
The iguana bites you but does no damage.
You barely miss the iguana.
The iguana is severely wounded.
The iguana bites you!
You are too injured to fight recklessly!
You are too injured to fight recklessly!
You are too injured to fight recklessly!
You hit the iguana but do no damage.
The iguana is severely wounded.
The iguana bites you.
You hit the iguana but do no damage.
The iguana is severely wounded.
The iguana closely misses you.
You hit the iguana but do no damage.
The iguana is severely wounded.
The iguana bites you!
* * * LOW HITPOINT WARNING * * *
You hit the iguana. You headbutt the iguana.
The iguana is almost dead.
The iguana bites you.
You die...

......# #....# #.#
......# ######
#.############ #.....#
#............# #.....#
. ###########.##
#.....# ..##########
#.# #.....#
........?..# #.#
#.....# ...........#
#.# #.....#
...........#########.##
'.....+
......l@...'..........#
#.....#
.......†...############
.#....# ...........#
.#.##.# ...........#
.#.# .# ...........#
.#.# .# ...........#
.#.# .........).# # .#
...........#
####..#####


You could see an iguana.

Vanquished Creatures
  A hound (D:2)
  An adder (D:2)
  2 dart slugs (D:1)
  3 ball pythons
  3 bats
  2 endoplasms (D:1)
  A giant cockroach (D:2)
  7 goblins
  2 hobgoblins (D:1)
  2 jackals (D:2)
  3 quokkas (D:1)
  A frilled lizard (D:2)
  A rat (D:1)
29 creatures vanquished.

Notes
Turn   | Place    | Note
-------+----------+-------------------------------------------
     0 | D:1      | Bruhh the Merfolk Transmuter began the quest for the Orb.
     0 | D:1      | Reached XP level 1. HP: 15/15 MP: 3/3
   118 | D:1      | Reached skill level 3 in Transmutations
   355 | D:1      | Reached XP level 2. HP: 19/21 MP: 3/5
   401 | D:1      | Found a faded altar of an unknown god.
   504 | D:1      | Reached skill level 4 in Transmutations
   729 | D:1      | Reached XP level 3. HP: 23/26 MP: 6/6
   777 | D:1      | Learned a level 2 spell: Wereblood
   781 | D:1      | Learned a level 3 spell: Spider Form
  1122 | D:2      | Reached skill level 5 in Transmutations
  1183 | D:2      | Found an iron altar of Okawaru.
  1509 | D:2      | Reached XP level 4. HP: 28/32 MP: 5/7
  1604 | D:2      | Reached skill level 6 in Transmutations
  1615 | D:2      | Slain by an iguana

Illustrated notes

Levels and vault maps discovered:
D:1:      grunt_arrival_lava_bath, layout_basic,
          hellmonk_ecumenical_altar_run_dry, kennysheep_minor_cross
D:2:      layout_basic, basic_altar

Skill      XL: |  1  2  3  4 |
---------------+-------------+-----
Transmutations | 3 4 5 6 |  6.0
Fighting       | |  1.1
Dodging        | |  2.6
Unarmed Combat | |  3.2
Spellcasting   | |  2.0

Action                   |  1- 3 |  4- 6 || total
-------------------------+-------+-------++-------
Melee: Unarmed           |    99 |    12 ||   111
       Headbutt          |    10 |     2 ||    12
       Punch             |     1 |     2 ||     3
 Cast: Beastly Appendage |    20 |     2 ||    22
       Spider Form       |     1 |       ||     1
 Stab: Sleeping          |     1 |       ||     1
Armor: Robe              |    18 |     2 ||    20
       Skin              |     1 |       ||     1
Dodge: Dodged            |    73 |     5 ||    78
